Map: Jagannatha LE

Players

BNN - Winner!

  • Race: Terran Terran
  • Spawn Location: 7:00

FLORENCIO

  • Race: Zerg Zerg
  • League: Platinum
  • Spawn Location: 1:00

VOD

Have the link to the VOD?

Description

Time

  • Played on: Jan. 18, 2021, 3:07 p.m.
  • Length: 19:56
Show
View Real Time Build Order
Export as new Build Order

BNN Terran - Winner!

Build Orders:  

Get SALT Encoding   

  12  0:00  SCV  
  13  0:12  SCV  
  14  0:17  Supply Depot  
  14  0:24  SCV  
  15  0:39  SCV  
  15  0:41  Barracks  
  16  0:44  Refinery  
  16  0:51  SCV  
  17  1:03  SCV  
  18  1:15  SCV  
  18  1:17  Refinery  
  19  1:29  Barracks Reactor  
  19  1:31  Supply Depot  
  19  1:32  Orbital Command  
  19  1:47  Barracks  
  19  1:58  Bunker  
  19  1:59  SCV  
  20  2:05  Marine x2  
  22  2:11  SCV  
  23  2:19  Factory  
  23  2:23  SCV  
  23  2:25  Marine x2  
  26  2:34  Barracks Tech Lab  
  26  2:35  SCV  
  26  2:36  Supply Depot  
  27  2:44  Marine x2  
  27  2:47  SCV  
  30  2:54  Stimpack  
  30  2:55  Marine  
  31  3:02  Marine x2  
  31  3:14  Marine  
  31  3:15  Factory Tech Lab  
  31  3:20  Marine x2  
  31  3:25  SCV  
  34  3:39  SCV  
  33  3:43  Cyclone  
  35  3:49  Marine  
  35  3:50  Marine x2  
  32  3:58  SCV  
  29  4:03  Starport  
  29  4:07  Marine x2  
  29  4:08  Marine  
  28  4:12  SCV  
  20  4:24  SCV  
  20  4:25  Marine  
  20  4:27  Marine  
  20  4:36  SCV  
  19  4:49  Raven, SCV  
  20  5:01  SCV  
  20  5:06  Marine x2  
  19  5:11  Marine  
  18  5:21  SCV  
  14  5:33  SCV  
  13  5:45  Marine, SCV  
  13  5:46  Marine  
  16  5:54  Marine  
  17  6:00  SCV  
  18  6:04  Marine  
  19  6:11  Marine  
  19  6:12  SCV  
  21  6:20  Medivac  
  23  6:26  SCV  
  23  6:32  Marine  
  24  6:33  Marine  
  26  6:43  Marine  
  26  6:46  SCV  
  28  6:50  Marine  
  27  7:02  Marine x2  
  27  7:04  SCV  
  27  7:08  Marine  
  29  7:10  Combat Shield  
  30  7:16  SCV  
  30  7:19  Marine  
  30  7:20  Marine  
  33  7:26  Marine  
  34  7:37  Marine x2  
  34  7:43  SCV  
  34  7:44  Marine  
  38  7:55  Marine x2  
  38  8:01  Marine  
  39  8:17  Marine  
  39  8:18  Supply Depot  
  39  8:24  Marine  
  38  8:28  Banshee  
  38  8:29  Marauder  
  42  8:35  Marine  
  42  8:36  Concussive Shells  
  40  8:42  Marine  
  33  8:53  Marine  
  34  8:55  SCV  
  35  9:10  Marine x2  
  35  9:12  Marauder  
  35  9:14  Raven  
  41  9:26  SCV  
  41  9:30  Supply Depot  
  42  9:39  Factory Reactor  
  42  9:43  Marauder  
  44  9:57  SCV  
  45  10:01  Marine x2  
  45  10:04  Marauder  
  49  10:09  Medivac  
  49  10:10  SCV  
  52  10:20  Supply Depot  
  52  10:27  Marine, Marauder  
  55  10:41  Marine, SCV  
  57  10:46  Marine  
  57  10:49  Marauder  
  60  11:02  Marine  
  60  11:03  Marine  
  62  11:18  Supply Depot x2  
  62  11:27  Marauder  
  53  11:47  Marine  
  53  11:48  Marine  
  53  11:49  Marauder  
  56  12:05  Marine x2  
  58  12:10  Marauder  
  52  12:32  Marine x2, Marauder  
  46  12:51  Command Center  
  46  13:17  Marine x2, Marauder  
  46  13:18  Medivac x2  
  54  13:57  Medivac x2  
  54  13:58  Barracks  
  54  14:00  Marine x2  
  60  14:24  Marine x2  
  60  14:26  Marauder  
  60  14:30  Siege Tank  
  67  14:44  Marine x2  
  69  15:05  Marine x3  
  72  15:15  Orbital Command  
  64  15:32  Marine  
  64  15:33  Marine x3  
  59  15:50  Marine  
  59  16:03  Marine x3  
  62  16:08  Marine  
  63  16:21  Marine  
  63  16:22  Marine x2  
  66  16:26  Marine  
  67  16:39  Marine  
  68  16:40  Marine x2  
  70  16:54  Marine  
  70  16:56  Marine  
  70  16:58  Marine  
  70  16:59  SCV x2  
  70  17:03  Supply Depot x2  
  70  17:12  Marine  
  70  17:13  Marine  
  70  17:19  Marine  
  70  17:42  Supply Depot x2  
  70  18:03  Marine x3  
  70  18:04  Marine  
  65  18:06  SCV  
  65  18:10  SCV  
  67  18:21  Marine x4  
  69  18:39  Marine x3  
  59  18:57  Marine x3  
  57  19:14  Marine  
  57  19:18  SCV  
  57  19:19  SCV  
Show
View Real Time Build Order
Export as new Build Order

FLORENCIO Zerg 

Build Orders: Pool First 

Get SALT Encoding   

  12  0:01  Drone  
  13  0:08  Drone  
  14  0:22  Overlord  
  14  0:42  Drone x3  
  17  0:55  Extractor  
  16  0:58  Spawning Pool  
  15  1:13  Hatchery  
  14  1:21  Drone x2  
  16  1:32  Drone  
  17  1:34  Drone  
  18  1:47  Roach Warren  
  17  1:58  Burrow  
  17  1:59  Drone x2  
  19  2:16  Overlord x2  
  19  2:29  Spine Crawler  
  18  2:40  Queen  
  20  2:45  Roach x2  
  20  2:49  Roach  
  26  3:03  Roach x2  
  26  3:13  Roach x2  
  26  3:18  Roach x2  
  28  3:30  Roach x6  
  32  3:35  Queen  
  32  3:41  Roach x3  
  32  3:53  Roach x5  
  32  4:01  Roach x3  
  30  4:10  Drone  
  30  4:11  Roach x3  
  31  4:19  Queen  
  31  4:24  Queen, Roach x3  
  29  4:33  Roach x2  
  27  4:39  Hatchery  
  27  4:40  Roach x2  
  24  4:54  Roach x2  
  24  5:04  Roach x2  
  24  5:07  Roach  
  24  5:09  Roach  
  18  5:43  Hatchery  
  18  5:45  Extractor  
  18  5:48  Hatchery, Roach  
  18  5:49  Roach x2  
  21  5:52  Roach  
  21  5:55  Queen  
  25  5:59  Hatchery  
  25  6:02  Roach  
  24  6:20  Roach  
  26  6:30  Roach  
  26  6:37  Roach  
  28  6:46  Roach  
  24  7:03  Roach  
  24  7:04  Roach x2  
  28  7:11  Metabolic Boost  
  26  7:18  Drone x7  
  33  7:27  Roach x3  
  39  7:32  Drone x2  
  41  7:37  Drone x2  
  41  7:40  Spine Crawler  
  41  7:43  Drone  
  43  7:45  Zergling x4  
  45  8:03  Zergling x12  
  48  8:06  Zergling x4  
  48  8:10  Roach x3  
  51  8:12  Zergling x2  
  51  8:18  Roach x2  
  51  8:19  Roach  
  51  8:25  Zergling x6  
  46  8:47  Roach x3  
  48  8:52  Zergling x2  
  45  8:57  Zergling x2  
  45  8:58  Zergling x2  
  45  9:00  Queen  
  49  9:10  Overlord x2  
  49  9:20  Overlord  
  49  9:29  Queen  
  51  9:34  Spore Crawler  
  51  9:37  Spore Crawler x2  
  48  9:42  Spore Crawler  
  45  10:12  Roach x4  
  45  10:13  Roach x2  
  57  10:15  Extractor  
  57  10:16  Extractor  
  55  10:22  Lair  
  55  10:24  Drone  
  55  10:27  Drone  
  57  10:36  Baneling Nest  
  55  10:52  Drone x4  
  55  10:53  Spore Crawler  
  55  10:54  Drone  
  59  10:58  Drone  
  60  11:11  Overlord  
  56  11:44  Zergling x2  
  56  11:45  Zergling x26  
  55  11:51  Zergling x6  
  46  11:57  Zergling x4  
  46  11:58  Zergling x2  
  49  12:03  Zergling x4  
  48  12:17  Zergling x8  
  48  12:21  Zergling x2  
  51  12:25  Drone, Zergling x4  
  49  12:47  Drone x7  
  54  12:57  Spire  
  52  13:15  Drone x6  
  58  13:30  Drone x3  
  58  13:31  Overlord  
  58  13:32  Overlord  
  61  13:51  Hatchery  
  60  14:12  Mutalisk  
  60  14:13  Mutalisk x7  
  76  14:29  Mutalisk x4  
  84  14:42  Mutalisk x3  
  86  15:00  Zergling x14  
  86  15:04  Baneling x3  
  86  15:05  Baneling x2  
  93  15:10  Baneling  
  77  15:36  Zergling x8  
  77  15:37  Zergling x10  
  80  15:57  Drone, Overlord x2  
  80  15:59  Zergling x6  
  84  16:15  Zergling x2  
  84  16:16  Zergling x4  
  87  16:27  Mutalisk x2  
  87  16:29  Zergling x2  
  87  16:31  Overlord  
  87  16:32  Zergling x4  
  94  16:42  Baneling x3  
  94  16:43  Baneling x2  
  94  16:44  Baneling  
  94  17:00  Zergling x6  
  94  17:01  Zergling x4  
  98  17:02  Zergling x2  
  100  17:26  Baneling x6  
  98  17:44  Zergling x16  
  98  17:45  Zergling x2  
  80  18:09  Lair  
  80  18:10  Zergling x12  
  86  18:18  Zergling x6  
  89  18:30  Baneling  
  89  18:31  Baneling x5  
  89  18:39  Zergling x6  
  89  18:40  Zergling x6  
  91  18:51  Zergling x6  
  61  19:14  Spine Crawler x2  
  61  19:15  Spine Crawler x2  
  50  19:17  Roach  
  50  19:18  Spine Crawler x2, Roach x5  
  44  19:24  Spine Crawler  
  44  19:31  Baneling  
Tags
 
League
Platinum
Matchup
TvZ
Opening
Pool First
Spawn Locations
Cross Positions
Add a new tag
Caveats
  • Supply blocks, unpowered buildings, or Contaminate may cause inaccurate times.
  • Supply counts are checked every 10 seconds.